 Dungeon Crawl Stone Soup version 0.26-a0-520-g952f204493 (webtiles) character file.

Game seed: 14338562593365781444

5219 ANON1729 the Fighter (level 10, -2/113 HPs)
             Began as an Ogre Hunter on Aug 12, 2020.
             Slain by a two-headed ogre
             ... wielding a +0 giant club
              (8 damage)
             ... on level 8 of the Dungeon.
             The game lasted 00:31:33 (16867 turns).

ANON1729 the Fighter (Ogre Hunter)                 Turns: 16867, Time: 00:31:34

Health: -2/113     AC:  5    Str: 21    XL:     10   Next: 61%
Magic:  10/10      EV: 13    Int: 12    God:
Gold:   204        SH:  5    Dex: 12    Spells: 8/9 levels left

rFire    + + .     SeeInvis .   G - +7 whip of Votule {holy, rN+ Dex+3}
rCold    + + .     Faith    .   (no shield)
rNeg     + . .     Spirit   .   j - +2 robe {rC+}
rPois    .         Reflect  +   (helmet restricted)
rElec    .         Harm     .   g - scarf {rC+ rF+}
rCorr    .                      (gloves unavailable)
MR       +....                  (boots unavailable)
Stlth    +++.......             l - amulet of reflection
HPRegen  0.28/turn              b - ring of fire
MPRegen  0.12/turn              F - ring of protection from cold

@: about to teleport
A: large, unfitting armour, tough skin 1
a: no special abilities


You were on level 8 of the Dungeon.
You visited 2 branches of the dungeon, and saw 9 of its levels.
You also visited: Sewer and Ossuary.

You collected 421 gold pieces.
You spent 217 gold pieces at shops.

Inventory:

Hand Weapons
 C - a +5 dagger of speed
 G - the +7 whip of Votule (weapon) {holy, rN+ Dex+3}
   (You found it on level 6 of the Dungeon)

   It has been blessed by the Shining One to cause great damage to the undead
   and demons.
   It affects your dexterity (+3).
   It protects you from negative energy.
Missiles
 c - 4 large rocks (quivered)
 d - a throwing net
 I - 5 boomerangs of dispersal
 K - 42 poisoned darts
 L - 9 boomerangs
Armour
 g - a scarf of resistance (worn)
 j - a +2 robe of cold resistance (worn)
 J - a +0 ring mail
Jewellery
 b - a ring of fire (left hand)
 e - an uncursed amulet of magic regeneration
 l - an amulet of reflection (around neck)
 F - a ring of protection from cold (right hand)
Wands
 i - a wand of polymorph (15)
 y - a wand of flame (11)
 B - a wand of paralysis (19)
 E - a wand of digging (3)
Scrolls
 a - a scroll of magic mapping
 f - 5 scrolls of remove curse
 h - 5 scrolls of teleportation
 m - 4 scrolls of identify
 n - 3 scrolls of blinking
 r - a scroll of amnesia
 s - 4 scrolls of immolation
 t - a scroll of enchant armour
 v - 5 scrolls of fear
 w - a scroll of holy word
 H - 2 scrolls of summoning
Potions
 k - a potion of invisibility
 o - a potion of ambrosia
 p - a potion of heal wounds
 q - 2 potions of stabbing
 u - 3 potions of flight
 x - a potion of brilliance
 z - 2 potions of mutation
 A - 3 potions of might
 D - a potion of curing


   Skills:
 * Level 11.1 Fighting
 + Level 0.1 Maces & Flails
 * Level 9.4 Throwing
 + Level 6.6 Dodging
 - Level 4.3 Stealth
 + Level 3.9 Necromancy


You had 8 spell levels left.
You knew the following spells:

 Your Spells              Type           Power        Failure   Level
a - Animate Skeleton      Necr           #.....       7%          1

Your spell library contained the following spells:

 Spells                   Type           Power        Failure   Level
 Pain                     Necr           #...         7%          1
 Vampiric Draining        Necr           #.........   21%         3
 Animate Dead             Necr           #.........   56%         4
 Ignite Poison            Fire/Tmut/Pois #.......     69%         3
 Agony                    Necr           #.......     88%         5
 Fireball                 Conj/Fire      #.........   100%        5
 Starburst                Conj/Fire      #.........   100%        6
 Ignition                 Fire           #.........   100%        8


Dungeon Overview and Level Annotations

Branches:
Dungeon (8/15)             Temple (1/1) D:7           Sewer (visited)
Ossuary (visited)
   Lair: D:8-11

Altars:
Ashenzari
Cheibriados
Dithmenos
Elyvilon
Fedhas
Gozag
Hepliaklqana
Kikubaaqudgha
Makhleb
Nemelex Xobeh
Okawaru
Qazlal
Ru
Sif Muna
Trog
Uskayaw
Vehumet
Wu Jian
Xom
Yredelemnul
Zin
The Shining One

Shops:
D:6 ?

Annotations:
D:3 Robin


Innate Abilities, Weirdness & Mutations

You are too large for most types of armour.
You have tough skin. (AC +1)


Message History

The orc priest invokes the aid of Beogh against you.
Beogh smites you! Something hits you but does no damage.
A magic dart appears from out of thin air!
The magic dart hits you!
* * * LOW HITPOINT WARNING * * *
The two-headed ogre closely misses you. The two-headed ogre misses you.
The orc priest hits you but does no damage.
You see here 26 stones.
Evoke which item? (* to show all) (? for menu, Esc to quit)
Aiming: Paralyse
Press: ? - help, Shift-Dir - straight line, f - two-headed ogre
Aim: a two-headed ogre, wielding a +0 giant club and a -2 giant spiked club (chance to defeat MR: 28%)
Okay, then.
Okay, then.
As you read the scroll of teleportation, it crumbles to dust.
You feel strangely unstable.
The two-headed ogre hits you with a +0 giant club!!
* * * LOW HITPOINT WARNING * * *
The two-headed ogre hits you with a cursed -2 giant spiked club!
You die...

### ##.# ##(.## ###....# ##
#.##.... #≈# ####..#.... ##≈##
#.......... ##≈≈≈#
##########.#......>. #≈≈≈≈#
#..@O.o.#........#..
#≈≈≈≈######.#####............8
#≈≈≈≈#.≈..≈....≈...≈..........
##≈≈≈≈≈≈.≈≈≈≈≈≈≈≈≈≈≈..........#
#.≈≈≈≈≈≈≈.≈≈≈≈≈≈≈.≈≈≈≈........#
##.≈≈≈≈≈≈≈≈..≈.≈≈.≈≈≈≈.........
#..≈.≈≈≈≈≈≈≈≈≈≈≈≈≈≈≈≈#........
##≈.....≈......≈#≈≈≈≈#........
##########.######≈≈≈#.......#


You could see a two-headed ogre and an orc priest.

Vanquished Creatures
  Joseph (D:8)
  Prince Ribbit (D:5)
  Sigmund (D:2)
  A wyvern (D:7)
  Eustachio (D:5)
  Edmund (D:6)
  A hornet zombie (D:8)
  An orc warrior (D:8)
  3 sky beasts
  A black bear (D:7)
  2 necrophages
  3 ogres
  3 phantoms
  5 centaurs
  3 bullfrogs
  A water moccasin zombie (D:8)
  3 scorpions
  3 killer bees (D:4)
  2 jellies
  An electric eel (D:7)
  3 wights (D:8)
  3 howler monkeys
  3 centaur zombies
  2 human zombies (Ossuary)
  3 quasits (D:8)
  5 orc priests
  3 bullfrog skeletons
  4 hounds
  12 orc wizards
  Ijyb (D:5)
  10 worker ants
  A hound zombie (D:7)
  6 mummies (Ossuary)
  9 adders
  A river rat (D:5)
  3 shadow imps
  3 white imps
  6 oozes
  A worm zombie (D:4)
  2 adder zombies
  2 adder skeletons
  4 worms
  The ghost of glosham the Sneak, a weakling PaDe (D:7)
  5 dart slugs (D:1)
  7 leopard geckos
  24 orcs
  3 ball pythons
  10 bats
  6 giant cockroaches
  2 gnoll zombies (Ossuary)
  13 goblins
  7 hobgoblins
  16 jackals
  2 quokkas
  6 frilled lizards
  A goblin zombie (Ossuary)
  6 kobolds
  A leopard gecko skeleton (D:8)
  A leopard gecko zombie (D:5)
  An orc zombie (Ossuary)
  A quokka skeleton (D:4)
  7 rats
  A plant (D:7)
246 creatures vanquished.

Vanquished Creatures (others)
  A giant cockroach (D:7)
  2 plants
3 creatures vanquished.

Grand Total: 249 creatures vanquished

Notes
Turn   | Place    | Note
-------+----------+-------------------------------------------
     0 | D:1      | ANON1729 the Ogre Hunter began the quest for the Orb.
     0 | D:1      | Reached XP level 1. HP: 22/22 MP: 1/1
   282 | D:1      | Reached skill level 3 in Fighting
   282 | D:1      | Reached skill level 1 in Stealth
   282 | D:1      | Reached XP level 2. HP: 24/31 MP: 2/2
   792 | D:1      | Reached XP level 3. HP: 22/37 MP: 3/3
  2076 | D:2      | Reached XP level 4. HP: 44/46 MP: 4/4
  2164 | D:2      | Noticed Sigmund
  2416 | D:2      | Killed Sigmund
  2416 | D:2      | Reached skill level 4 in Fighting
  2416 | D:2      | Reached XP level 5. HP: 24/55 MP: 5/5
  2416 | D:2      | Reached XP level 6. HP: 27/63 MP: 6/6
  3002 | D:3      | Reached skill level 5 in Throwing
  3408 | D:3      | Noticed Robin
  3752 | D:4      | Reached skill level 5 in Fighting
  3965 | D:4      | Found a sand-covered staircase.
  3972 | Ossuary  | Entered an ossuary
  4210 | Ossuary  | Reached XP level 7. HP: 61/72 MP: 7/7
  5069 | D:4      | Found a bloodstained altar of Trog.
  5281 | D:4      | Reached skill level 6 in Fighting
  5471 | D:4      | Reached XP level 8. HP: 79/83 MP: 8/8
  6598 | D:5      | Entered Level 5 of the Dungeon
  6705 | D:5      | Reached skill level 7 in Fighting
  6726 | D:5      | Reached skill level 5 in Dodging
  6854 | D:5      | Noticed Eustachio
  6993 | D:5      | Found a glowing drain.
  6997 | Sewer    | Entered a sewer
  7930 | D:5      | Noticed Prince Ribbit
  8071 | D:5      | Noticed Ijyb
  8072 | D:5      | Killed Ijyb
  8140 | D:5      | Learned a level 1 spell: Animate Skeleton
  8306 | D:5      | Killed Eustachio
  8306 | D:5      | Reached XP level 9. HP: 71/96 MP: 9/9
  8712 | D:5      | Killed Prince Ribbit
  8712 | D:5      | Reached skill level 8 in Fighting
  8712 | D:5      | Reached skill level 1 in Necromancy
  9224 | D:6      | Noticed Edmund
  9256 | D:6      | Killed Edmund
  9457 | D:6      | Got a crude whip
  9458 | D:6      | Identified the +7 whip of Votule {holy, rN+ Dex+3} (You
                  | found it on level 6 of the Dungeon)
  9489 | D:6      | Found Lybbat's Magic Scroll Shoppe.
  9502 | D:6      | Bought a scroll of identify for 28 gold pieces
  9502 | D:6      | Bought a scroll of summoning for 133 gold pieces
  9512 | D:6      | Bought a scroll of identify for 28 gold pieces
  9512 | D:6      | Bought a scroll of identify for 28 gold pieces
 10028 | D:6      | Found an ornate altar of the Wu Jian Council.
 10174 | D:6      | Reached skill level 9 in Fighting
 10863 | D:7      | Found a transporter.
 10864 | D:7      | Noticed glosham's ghost (weakling PaDe)
 11377 | D:8      | Noticed Joseph
 11942 | D:8      | Killed Joseph
 11942 | D:8      | Reached skill level 10 in Fighting
 11942 | D:8      | Reached XP level 10. HP: 89/109 MP: 10/10
 12863 | D:8      | Noticed a two-headed ogre
 13277 | D:7      | Found a radiant altar of Vehumet.
 13307 | D:7      | Found a staircase to the Ecumenical Temple.
 13323 | Temple   | Entered the Ecumenical Temple
 13848 | D:7      | Found a transporter.
 14796 | D:7      | Killed glosham's ghost
 15701 | D:8      | Reached skill level 11 in Fighting
 16867 | D:8      | Slain by a two-headed ogre

Illustrated notes

Levels and vault maps discovered:
D:1:      lightli_arrival_flooded_house, layout_basic
D:2:      layout_rooms, uniq_sigmund
D:3:      layout_loops_ring, serial_bayou_pond_a, uniq_robin
D:4:      layout_loops_corners, overflow_temple_1_default, enter_ossuary_3,
          st_stairs_10
D:5:      layout_loops_cross, gup_sewer_entry_bowl, kennysheep_cross_room,
          uniq_eustachio, uniq_prince_ribbit1, uniq_ijyb
D:6:      layout_basic, serial_shops, shop, basic_altar, uniq_edmund
D:7:      layout_cave_pools, minmay_temple_entry_stoned_glass,
          gammafunk_ghost_mausoleum, serial_bayou_lagoon_a,
          vehumet_altar_wand_db
D:8:      layout_cave_pools, serial_column_ruins, column_ruins_hut,
          column_ruins_corridor_water, column_ruins_grid_1,
          column_ruins_open_tiny, column_ruins_open_small_water,
          column_ruins_corridor_T, column_ruins_grid_1, minivault_27,
          chequers_serial_rivers_large_a, uniq_joseph
Temple:   kilobyte_greek_temple

Skill      XL: |  1  2  3  4  5  6  7  8  9 10 |
---------------+-------------------------------+-----
Fighting       | 3 4 5 6 7 10 11 | 11.1
Dodging        | 2 3 4 5 6 |  6.6
Stealth        | 1 2 3 4 |  4.3
Throwing       | 5 6 7 8 9 |  9.4
Necromancy     | 3 |  3.9
Maces & Flails | |  0.1

Action                   |  1- 3 |  4- 6 |  7- 9 | 10-12 || total
-------------------------+-------+-------+-------+-------++-------
Melee: Short sword       |   123 |    69 |       |       ||   192
       Rapier            |       |    95 |       |       ||    95
       Hand axe          |       |    29 |   240 |       ||   269
       Dagger            |       |       |   107 |     3 ||   110
       Whip              |       |       |   150 |   220 ||   370
Throw: Large rock        |     4 |     8 |    37 |     2 ||    51
       Throwing net      |       |     2 |     1 |       ||     3
Evoke: Wand              |       |       |    10 |     8 ||    18
  Use: Potion            |       |     3 |     4 |     2 ||     9
       Scroll            |       |     5 |    15 |     1 ||    21
 Stab: Sleeping          |     1 |     2 |     5 |     1 ||     9
       Invisible         |       |     1 |       |       ||     1
       Paralysed         |       |       |     2 |     3 ||     5
Armor: Robe              |    36 |    58 |   147 |    61 ||   302
       Skin              |       |       |    16 |    18 ||    34
Dodge: Dodged            |    84 |   135 |   290 |   144 ||   653
Block: Other             |       |       |       |    24 ||    24

Table legend: (Time is in decaauts)
 A = Elapsed time spent in this place.
 B = Non-inter-level travel time spent in this place.
 C = Inter-level travel time spent in this place.
 D = Time resting spent in this place.
 E = Time spent auto-exploring this place.
 F = Levels seen in this place.
 G = Mean time per level.
                   A        B        C        D        E       F      G
               +--------+--------+--------+--------+--------+-----+--------+
         Total |  17211 |  16575 |    636 |   8620 |   4910 |  11 | 1564.6 |
       Dungeon |  15147 |  14518 |    629 |   7805 |   4239 |   8 | 1893.4 |
        Temple |    142 |    135 |      7 |      0 |    135 |   1 |  142.0 |
         Sewer |   1095 |   1095 |      0 |    319 |    424 |   1 | 1095.0 |
       Ossuary |    825 |    825 |      0 |    496 |    111 |   1 |  825.0 |
               +--------+--------+--------+--------+--------+-----+--------+

Top non-repeatable levels by time:
     D:7: 3230 daAuts
     D:4: 2224 daAuts
     D:8: 2173 daAuts
     D:1: 1877 daAuts
     D:6: 1753 daAuts
     D:5: 1735 daAuts
     D:3: 1255 daAuts
   Sewer: 1095 daAuts
     D:2: 896 daAuts
 Ossuary: 825 daAuts
  Temple: 142 daAuts
